 Dungeon Crawl Stone Soup version 0.17-a0-1497-g03599f7 (console) character file.

1452 Monkaria the Spear-Bearer (level 8, -11/68 HPs)
             Began as a Minotaur Wanderer on July 6, 2015.
             Mangled by an orc warrior
             ... wielding a +0 halberd
              (21 damage)
             ... on level 6 of the Dungeon.
             The game lasted 00:07:45 (4423 turns).

Monkaria the Spear-Bearer (Minotaur Wanderer)       Turns: 4423, Time: 00:07:45

Health: -11/68     AC:  5    Str: 20 (21) XL:     8   Next: 47%
Magic:  0/0        EV:  8    Int: 13      God:
Gold:   297        SH:  0    Dex: 10      Spells: 0 memorised, 7 levels left

rFire  . . .     SeeInvis .     y - +10 spear {pierce, rElec MP-9 Int+4}
rCold  + . .     Clarity  .     d - +0 robe
rNeg   + . .     SustAt   .     (no shield)
rPois  .         Gourm    .     (helmet restricted)
rElec  +         Spirit   .     (no cloak)
rCorr  .         Warding  +     (no gloves)
rMut   .         Rnd*Tele +     v - +0 pair of boots
MR     .....                    j - amulet of warding
Stlth  +.........               s - ring of teleportation (curse)
                                M - ring of protection from cold

@: not resistant to hostile enchantments, very unstealthy
A: retaliatory headbutt, horns 2, slimy green scales 1, breathe flames 1, clever
1, deterioration 1
a: Breathe Fire, Evoke Teleportation


You were on level 6 of the Dungeon.
You were not hungry.

You visited 1 branch of the dungeon, and saw 6 of its levels.

You collected 297 gold pieces.

Inventory:

Hand weapons
 a - a +2 hand axe
 y - the +10 spear "Arghezaru" (weapon) {pierce, rElec MP-9 Int+4}
   (You found it on level 4 of the Dungeon)

   It inflicts extra damage upon your enemies.
   It affects your intelligence (+4).
   It insulates you from electricity.
   It affects your magic capacity (-9).
 D - the +9 short sword of the Ancients {pierce, rC+}
   (You found it on level 5 of the Dungeon)

   It inflicts extra damage upon your enemies.
   It protects you from cold.
Armour
 d - a +0 robe (worn)
 v - a +0 pair of boots (worn)
Jewellery
 j - an amulet of warding (around neck)
 n - an uncursed ring of magical power
 s - a cursed ring of teleportation (right hand)
 M - a ring of protection from cold (left hand)
 O - an uncursed amulet of resist mutation {unknown}
 R - an uncursed ring of ice {unknown}
Scrolls
 c - 3 scrolls of teleportation
 g - 7 scrolls of identify {unknown}
 h - 2 scrolls of immolation {unknown}
 i - 2 scrolls of fog {unknown}
 k - 3 scrolls of fear {unknown}
 m - 2 scrolls of amnesia {unknown}
 o - 3 scrolls of magic mapping {unknown}
 p - a scroll of remove curse {unknown}
 q - 2 scrolls of enchant weapon {unknown}
 u - 2 scrolls of blinking {unknown}
 x - a scroll of enchant armour {unknown}
 G - a scroll of recharging {unknown}
 K - a scroll of noise {unknown}
Potions
 b - 2 potions of lignification
 l - a potion of invisibility {unknown}
 r - 2 potions of ambrosia {unknown}
 t - a potion of brilliance {unknown}
 w - a potion of might
 z - 2 potions of flight {unknown}
 A - a potion of curing {unknown}
 B - a potion of poison {unknown}
 C - a potion of berserk rage {unknown}
 E - 2 potions of agility {unknown}
 F - a potion of haste {unknown}
 I - a potion of heal wounds {unknown}
 L - 2 potions of cure mutation {unknown}
 N - a potion of beneficial mutation {unknown}
 Q - a potion of resistance {unknown}
Comestibles
 e - 4 bread rations
 f - 3 slices of pizza
 H - 3 meat rations
 J - a beef jerky
 P - a chunk of flesh


   Skills:
 - Level 5.0 Fighting
 - Level 1.2(6.7) Axes
 + Level 10.5 Polearms
 - Level 1.0 Throwing
 - Level 6.0 Armour
 - Level 4.3 Dodging
   Level 1.2 Shields


You had 7 spell levels left.
You didn't know any spells.

Dungeon Overview and Level Annotations

Branches:
Dungeon (6/15)             Temple (0/1) D:6

Altars:
Cheibriados
Dithmenos
Elyvilon
Okawaru

Shops:
D:5 =


Innate Abilities, Weirdness & Mutations

You reflexively headbutt those who attack you in melee.
You have a pair of horns on your head.
You are partially covered in slimy green scales (AC +2).
You can breathe flames.
Your mind is acute. (Int +2)
Your body sometimes deteriorates upon taking damage.


Message History

The orc wizard casts a spell.
The orc wizard flickers and vanishes!
Deactivating autopickup; reactivate with Ctrl-A.
The orc warrior hits you from afar with a halberd!!
* * * LOW HITPOINT WARNING * * *
You are too injured to fight recklessly!
You are too injured to fight recklessly!
You are too injured to fight recklessly!
You are too injured to fight recklessly!
You are too injured to fight recklessly!
You are too injured to fight recklessly!
You are too injured to fight recklessly!
You are too injured to fight recklessly!
Something tries to affect you, but you resist.
A magic dart appears from out of thin air!
The magic dart hits you!
* * * LOW HITPOINT WARNING * * *
There is a stone staircase leading up here.
The orc warrior hits you from afar with a halberd!!
You die...

###.#.#)#..##.....####.##(#
###.#...#...#.............#
.##..##.....)...###.......#
..##............# #.......#
..##....#...##.## #...(..##
..##.##.#.#..#.# ##......#####
......#...##...###...........#
...............##.............#
........#......#@..............
...._..........#...............
................o..............
.........#.....................
.....##..#%#.#.................
.....# .#.#...#..............
...#...........#..............
...####................#.....#
...............#.##....#######


You could see an orc warrior.

Vanquished Creatures
  The ghost of trantor the Sneak, an experienced HEEn (D:5)
  A sky beast (D:6)
  A phantom (D:6)
  A wyvern skeleton (D:6)
  A scorpion (D:5)
  4 crimson imps
  A centaur skeleton (D:4)
  A centaur zombie (D:5)
  5 orc wizards
  A giant frog zombie (D:5)
  A hound (D:5)
  7 worker ants
  2 orc priests (D:4)
  A hound zombie (D:5)
  A hound skeleton (D:5)
  A mummy (D:5)
  10 adders
  3 shadow imps (D:6)
  An ooze (D:2)
  4 adder skeletons
  2 worms
  3 giant geckos
  24 orcs
  3 ball pythons
  7 giant cockroaches
  10 goblins
  8 hobgoblins
  6 jackals (D:3)
  4 quokkas
  16 bats
  2 giant newts (D:1)
  14 kobolds
  A quokka skeleton (D:6)
  5 rats
153 creatures vanquished.

Notes
Turn   | Place    | Note
--------------------------------------------------------------
     0 | D:1      | Monkaria the Minotaur Wanderer began the quest for the Orb.
     0 | D:1      | Monkaria set off with: a +2 hand axe, a potion of lignification, a scroll of teleportation, a +0 robe, a bread ration
     0 | D:1      | Reached XP level 1. HP: 18/18 MP: 0/0
   264 | D:1      | Reached XP level 2. HP: 16/26 MP: 1/1
   621 | D:2      | Reached XP level 3. HP: 9/34 MP: 2/2
  1142 | D:2      | Reached skill level 5 in Fighting
  1375 | D:3      | Reached skill level 1 in Dodging
  1376 | D:3      | Reached XP level 4. HP: 42/42 MP: 3/3
  1750 | D:3      | Noticed a scorpion
  2387 | D:4      | Reached XP level 5. HP: 38/48 MP: 4/4
  2394 | D:4      | Found a shadowy altar of Dithmenos.
  2399 | D:4      | Got a transparent spear
  2405 | D:4      | Identified the +10 spear "Arghezaru" {pierce, rElec MP-9 Int+4} (You found it on level 4 of the Dungeon)
  2541 | D:4      | Reached skill level 1 in Polearms
  2644 | D:4      | Reached XP level 6. HP: 45/56 MP: 5/5
  3401 | D:5      | Entered Level 5 of the Dungeon
  3411 | D:5      | Reached skill level 5 in Polearms
  3425 | D:5      | Got a pitted short sword
  3470 | D:5      | Identified the +9 short sword of the Ancients {pierce, rC+} (You found it on level 5 of the Dungeon)
  3475 | D:5      | Reached XP level 7. HP: 50/61 MP: 6/6
  3567 | D:5      | Found Palum's Jewellery Boutique.
  3588 | D:5      | Found an iron altar of Okawaru.
  3588 | D:5      | Found a snail-covered altar of Cheibriados.
  3694 | D:5      | Noticed trantor's ghost (experienced HEEn)
  3716 | D:5      | Killed trantor's ghost
  3716 | D:5      | Reached skill level 8 in Polearms
  3931 | D:5      | Reached XP level 8. HP: 56/68 MP: 7/7
  4019 | D:5      | Found a snail-covered altar of Cheibriados.
  4079 | D:5      | Reached skill level 9 in Polearms
  4183 | D:6      | Found a white marble altar of Elyvilon.
  4219 | D:6      | Found a staircase to the Ecumenical Temple.
  4347 | D:6      | Reached skill level 10 in Polearms
  4351 | D:6      | Gained mutation: You are partially covered in slimy green scales (AC +2). [mutagenic meat]
  4352 | D:6      | Gained mutation: Your mind is acute. (Int +2) [mutagenic meat]
  4353 | D:6      | Gained mutation: You can breathe flames. [mutagenic meat]
  4354 | D:6      | Gained mutation: Your body sometimes deteriorates upon taking damage. [mutagenic meat]
  4423 | D:6      | Mangled by an orc warrior

Vault maps used:
D:1:      sevenhm_arrival_forest_fort_large_2
D:3:      first_bread
D:4:      nicolae_dithmenos_shadow_blocks, kennysheep_opposing_triangles
D:5:      gammafunk_temple_overflow_elements, serial_glass, glass_columns_c,
          glass_columns_b, serial_shops, shop, chei_slow_surprise
D:6:      minmay_temple_entry_butterflies, basic_altar

Action                   |  1- 3 |  4- 6 |  7- 9 || total
-------------------------+-------+-------+-------++-------
Melee: Hand axe          |    85 |    73 |       ||   158
       Spear             |       |    77 |   100 ||   177
  Use: Potion            |       |     1 |       ||     1
 Stab: Sleeping          |       |     1 |     1 ||     2
  Eat: Chunk             |       |     7 |     8 ||    15
